 Dungeon Crawl Stone Soup version 0.28.0 (webtiles) character file.

Game seed: 7765848435591548735

24111 SnakkuSnakku7 the Earth Mage (level 13, -1/98 HPs)
             Began as a Formicid Ice Elementalist on Feb 12, 2022.
             Was an Elder of Sif Muna.
             Killed from afar by a red draconian (37 damage)
             ... with a searing blast
             ... in a volcano.
             The game lasted 00:32:59 (16718 turns).

SnakkuSnakku7 the Earth Mage (FoIE)                Turns: 16718, Time: 00:33:00

Health: -1/98      AC:  9    Str: 10    XL:     13   Next: 40%
Magic:  3/25       EV: 11    Int: 29    God:    Sif Muna [****..]
Gold:   311        SH: 11    Dex: 17    Spells: 14/28 levels left

rFire   . . .      SeeInvis +   K - +6 dagger "Kynazxen" {vorpal, rPois Str-3 Int+9 Stlth+}
rCold   . . .      Faith    .   c - +0 kite shield
rNeg    . . .      Spirit   .   y - +0 steam dragon scales
rPois   +          Reflect  .   (helmet unavailable)
rElec   .          Harm     .   B - +0 cloak
rCorr   .          Rampage  .   (no gloves)
Will    +....                   x - +2 pair of boots
Stlth   +++.......              r - amulet of regeneration
HPRegen 1.06/turn               n - +6 ring of dexterity
MPRegen 0.19/turn               (no ring)

@: freezing walls
A: permanent stasis, dig shafts and tunnels, antennae 3, four strong arms
a: Dig, Renounce Religion, Channel Magic, Forget Spell, Divine Exegesis


You were in a volcano.
You worshipped Sif Muna.
Sif Muna was greatly pleased with you.
You visited 3 branches of the dungeon, and saw 15 of its levels.
You also visited: Volcano.

You collected 899 gold pieces.
You spent 588 gold pieces at shops.

Inventory:

Hand Weapons
 s - a +2 falchion of protection
 K - the +6 dagger "Kynazxen" (weapon) {vorpal, rPois Str-3 Int+9 Stlth+}
   (You found it on level 10 of the Dungeon)

   It inflicts extra damage upon your enemies.
   Str:       It affects your strength (-3).
   Int:       It affects your intelligence (+9).
   rPois:     It protects you from poison.
   Stlth:     It makes you more stealthy.
Missiles
 q - 4 curare-tipped darts
 F - 3 throwing nets
Armour
 c - a +0 kite shield (worn)
 x - a +2 pair of boots (worn)
 y - +0 steam dragon scales (worn)
 B - a +0 cloak (worn)
Magical Staves
 i - a staff of poison
 N - a staff of fire
Jewellery
 n - a +6 ring of dexterity (left hand)
 r - an amulet of regeneration (around neck)
 v - a ring of ice
Wands
 a - a wand of mindburst (17)
 o - a wand of paralysis (1)
 p - a wand of flame (3)
 t - a wand of polymorph (3)
Scrolls
 g - a scroll of fog
 j - 2 scrolls of vulnerability
 l - a scroll of enchant weapon
 m - a scroll of amnesia
 w - 2 scrolls of holy word
 A - a scroll of immolation
 D - 3 scrolls of enchant armour
 J - a scroll of acquirement {unknown}
Potions
 b - 4 potions of brilliance
 d - 3 potions of resistance
 e - 4 potions of cancellation
 f - a potion of lignification
 h - 4 potions of mutation
 k - 11 potions of curing
 u - 4 potions of might
 z - 3 potions of invisibility
 E - a potion of heal wounds
 G - 3 potions of ambrosia
 H - a potion of magic
 O - a potion of flight
Miscellaneous
 I - a phantom mirror
 M - a lightning rod (2/4)


   Skills:
 - Level 8.0 Fighting
 - Level 1.7 Dodging
 - Level 2.4 Stealth
 + Level 7.9 Shields
 - Level 8.0 Spellcasting
 - Level 3.9 Conjurations
 - Level 10.0 Ice Magic
 - Level 16.0 Earth Magic
 - Level 7.0 Invocations


You had 14 spell levels left.
You knew the following spells:

 Your Spells              Type           Power      Damage    Failure   Level
a - Frozen Ramparts       Ice            100%       1d12      1%          3
b - Freeze                Ice            100%       1d11      1%          1
c - Searing Ray           Conj           68%        2d6       2%          2
d - Lee's Rapid Deconstr  Erth           40%        3d21*     1%          5
z - Ozocubu's Armour      Ice            62%        N/A       1%          3

Your spell library contained the following spells:

 Spells                   Type           Power      Damage    Failure   Level
 Magic Dart               Conj           100%       1d8       1%          1
 Ensorcelled Hibernation  Hex/Ice        80%        N/A       1%          2
 Passwall                 Tmut/Erth      45%        N/A       1%          2
 Petrify                  Tmut/Erth      55%        N/A       3%          4
 Hailstorm                Conj/Ice       51%        3d11      5%          4
 Static Discharge         Conj/Air       23%        N/A       6%          2
 Pain                     Necr           44%        1d6       9%          1
 Summon Small Mammal      Summ           44%        N/A       9%          1
 Ice Form                 Ice/Tmut       40%        N/A       12%         4
 Call Canine Familiar     Summ           11%        N/A       26%         3
 Gell's Gravitas          Tloc           11%        N/A       26%         3
 Lesser Beckoning         Tloc           11%        N/A       26%         3
 Summon Guardian Golem    Hex/Summ       11%        N/A       26%         3
 Teleport Other           Tloc           11%        N/A       26%         3
 Metabolic Englaciation   Hex/Ice        20%        N/A       32%         5
 Fulminant Prism          Conj/Hex       11%        3d9       38%         4
 Iskenderun's Mystic Bla  Conj/Tloc      23%        2d6       38%         4
 Sticky Flame             Conj/Fire      23%        2d4       38%         4
 Statue Form              Tmut/Erth      36%        N/A       45%         6
 Dispel Undead            Necr           11%        3d9       65%         4
 Fireball                 Conj/Fire      11%        3d7       75%         5
 Simulacrum               Ice/Necr       20%        N/A       87%         6
 Agony                    Necr           11%        N/A       94%         5
 Excruciating Wounds      Necr           5%         N/A       94%         5
 Starburst                Conj/Fire      11%        6d5       99%         6
 Dispersal                Tloc           5%         N/A       100%        6
 Ignition                 Fire           5%         3d4       100%        8
 Swiftness                Air            Unusable   N/A       N/A         3

Dungeon Overview and Level Annotations

Branches:
Dungeon (10/15)            Temple (1/1) D:4            Lair (4/6) D:8
  Swamp (0/4) Lair:4        Snake (0/4) Lair:3      Volcano (1/1)
    Orc: D:9-12

Altars:
Ashenzari
Cheibriados
Dithmenos
Elyvilon
Fedhas
Gozag
Hepliaklqana
Kikubaaqudgha
Makhleb
Nemelex Xobeh
Okawaru
Qazlal
Ru
Sif Muna
Trog
Uskayaw
Vehumet
Wu Jian
Xom
Yredelemnul
Zin
The Shining One

Shops:
D:4 (   D:9 !

Annotations:
D:7 3 runed translucent doors, yahweh's ghost, novice MfGl
D:8 3 runed translucent doors, Barbarella's ghost, novice MiBe


Innate Abilities, Weirdness & Mutations

You cannot be hasted, slowed, berserked, paralysed or teleported.
You can dig through walls and to a lower floor.
You have a pair of large antennae on your head. (SInv)
Your four strong arms can wield two-handed weapons with a shield.


Message History

Press: ? - help, Q - select action, (/) - cycle Dir - move target A stone wall.
The wall shatters!
The blast of rock fragments hits the red draconian!!
The red draconian is heavily wounded.
The red draconian breathes fire at you. The searing blast hits you!!
Unknown command.
Aiming: Lee's Rapid Deconstruction (mildly dangerous; 1% risk of failure)
Press: ? - help, Q - select action, (/) - cycle Dir - move target A stone wall.
The wall shatters!
The blast of rock fragments hits the red draconian!
The red draconian is severely wounded.
Unknown command.
Casting: Lee's Rapid Deconstruction (mildly dangerous; 1% risk of failure)
Confirm with . or Enter, or press ? or * to list all spells.
Casting: Frozen Ramparts (safe; 1% risk of failure)
Press: ? - help, Dir - look around, f - activate The walls around you are covered in ice.
Unknown command.
Aiming: Lee's Rapid Deconstruction (mildly dangerous; 1% risk of failure)
Press: ? - help, Q - select action, (/) - cycle Dir - move target A rock wall, covered with ice.
The wall shatters!
The blast of rock fragments hits the red draconian!!
The red draconian is severely wounded.
The wall freezes the red draconian.
The red draconian breathes fire at you. The searing blast hits you!!
Unknown command.
Unknown command.
Aiming: Mindburst
Press: ? - help, Shift-Dir - straight line, f - red draconian
Aim: a red draconian, wielding a +0 halberd of flaming and wearing a +1 cloak (almost dead, chance to affect: 47%)
The red draconian resists with some effort.
The wall freezes the red draconian.
The red draconian seems to slow down.
The red draconian breathes fire at you. The searing blast hits you!!!
You die...

# ### {.# #..### d.#
......# ..N.
≈≈.....### .....
≈≈≈.....8####......
≈≈≈..☼☼.@○d).......
≈≈≈≈....8#######'##
≈≈≈§....##
≈§≈≈≈...### {
≈§§≈≈≈§.§..##
§≈≈§≈≈≈§≈§§..# ≈§
§§§≈≈≈≈§§≈...# {
≈≈≈≈≈≈≈≈≈≈≈≈≈≈≈....#
≈≈≈≈≈≈≈≈§≈≈§≈≈≈....#


You could see a red draconian (slow, catching breath).

Vanquished Creatures
  Harold (D:9)
  2 hydras
  A two-headed ogre (D:9)
  6 death yaks (Lair:3)
  A deep elf pyromancer (D:10)
  A manticore (D:9)
  A cyclops (D:8)
  3 salamanders (Volcano)
  3 black mambas (Lair:1)
  Joseph (D:7)
  4 cane toads (Lair:1)
  A komodo dragon (Lair:3)
  A freezing wraith (D:9)
  4 rime drakes
  2 trolls (D:10)
  9 blink frogs
  Sigmund (D:6)
  A shadow (D:10)
  3 wraiths
  A wyvern (Lair:2)
  2 basilisks (Lair:1)
  13 yaks
  6 fire bats (Volcano)
  Edmund (D:4)
  Menkaure (D:4)
  3 nagas (Lair:3)
  2 steam dragons
  8 water moccasins
  2 black bears
  Duvessa (D:6)
  An orc warrior (D:8)
  2 ice beasts
  The ghost of crazypyro the Chopper, an amateur MiFi (D:3)
  3 ogres (D:5)
  2 wolves (Lair:1)
  2 kobold brigands
  2 gnoll sergeants
  9 bullfrogs
  3 water moccasin skeletons
  A water moccasin zombie (D:5)
  Dowan (D:6)
  3 killer bees (D:8)
  4 wights (D:9)
  2 electric eels (D:4)
  3 centaur zombies
  A bullfrog zombie (D:3)
  7 hounds
  6 lava snakes (Volcano)
  A centaur skeleton (D:6)
  3 jellies
  3 orc priests
  Ijyb (D:3)
  Jessica (D:2)
  4 iguanas
  3 orc wizards
  A killer bee zombie (D:8)
  A howler monkey zombie (D:5)
  Robin (D:4)
  11 gnolls
  8 adders
  3 shadow imps
  4 white imps
  An adder zombie (D:5)
  An adder skeleton (D:4)
  2 worms
  A dart slug (D:2)
  19 orcs
  11 ball pythons
  6 endoplasms
  A giant cockroach (D:4)
  11 goblins
  9 hobgoblins
  6 jackals
  11 kobolds
  3 quokkas
  7 bats
  4 frilled lizards
  6 rats
283 creatures vanquished.

Vanquished Creatures (collateral kills)
  A death knight (D:9)
1 creature vanquished.

Vanquished Creatures (others)
  20 fungi
  39 plants
59 creatures vanquished.

Grand Total: 343 creatures vanquished

Notes
Turn   | Place    | Note
-------+----------+-------------------------------------------
     0 | D:1      | SnakkuSnakku7 the Formicid Ice Elementalist began the quest
                  | for the Orb.
     0 | D:1      | Reached XP level 1. HP: 13/13 MP: 3/3
   196 | D:1      | Reached XP level 2. HP: 18/19 MP: 3/5
   846 | D:1      | Reached XP level 3. HP: 24/24 MP: 4/6
   964 | D:2      | Learned a level 3 spell: Frozen Ramparts
  1009 | D:2      | Found a blossoming altar of Fedhas.
  1044 | D:2      | Reached skill level 5 in Ice Magic
  1182 | D:2      | Found a faded altar of an unknown god.
  1183 | D:2      | Noticed Jessica
  1195 | D:2      | Killed Jessica
  1196 | D:2      | Reached XP level 4. HP: 26/30 MP: 0/7
  1297 | D:2      | Reached XP level 5. HP: 27/35 MP: 4/8
  1594 | D:3      | Found a transporter.
  1594 | D:3      | Noticed crazypyro's ghost (amateur MiFi)
  2284 | D:3      | Found a transporter.
  2343 | D:3      | Learned a level 3 spell: Ozocubu's Armour
  2783 | D:3      | Noticed Ijyb
  2790 | D:3      | Killed Ijyb
  2791 | D:3      | Reached XP level 6. HP: 32/40 MP: 0/9
  3711 | D:4      | Found a transporter.
  3735 | D:4      | Found a transporter.
  3781 | D:4      | Found Unwuim's Weapon Boutique.
  4020 | D:4      | Noticed Menkaure
  4294 | D:4      | Reached XP level 7. HP: 31/46 MP: 10/10
  4822 | D:4      | Killed Menkaure
  4884 | D:4      | Noticed Robin
  4891 | D:4      | Killed Robin
  4980 | D:4      | Reached XP level 8. HP: 32/52 MP: 4/11
  4988 | D:4      | Noticed Edmund
  5010 | D:4      | Killed Edmund
  5103 | D:4      | Found a staircase to the Ecumenical Temple.
  5221 | Temple   | Entered the Ecumenical Temple
  5517 | Temple   | Became a worshipper of Sif Muna the Loreminder
  5685 | D:5      | Entered Level 5 of the Dungeon
  5692 | D:5      | Reached skill level 10 in Ice Magic
  6177 | D:5      | Reached skill level 5 in Spellcasting
  6201 | D:5      | Reached XP level 9. HP: 40/57 MP: 4/17
  6704 | D:5      | Reached skill level 1 in Fighting
  6853 | D:5      | Learned a level 2 spell: Searing Ray
  6907 | D:5      | Reached skill level 1 in Conjurations
  7686 | D:6      | Learned a level 5 spell: Lee's Rapid Deconstruction
  7748 | D:6      | Reached skill level 1 in Earth Magic
  7771 | D:6      | Noticed Sigmund
  7780 | D:6      | Killed Sigmund
  7780 | D:6      | Reached * piety under Sif Muna
  7781 | D:6      | Reached skill level 3 in Earth Magic
  7836 | D:6      | Found a snail-covered altar of Cheibriados.
  8197 | D:6      | Noticed Duvessa
  8197 | D:6      | Noticed Dowan
  8216 | D:6      | Killed Duvessa
  8217 | D:6      | Reached skill level 4 in Earth Magic
  8217 | D:6      | Killed Dowan
  8301 | D:7      | Found a runed translucent gate.
  8302 | D:7      | Found a runed translucent gate.
  8302 | D:7      | Found a runed translucent gate.
  8313 | D:7      | Noticed yahweh's ghost (novice MfGl)
  8325 | D:7      | Reached skill level 5 in Earth Magic
  8483 | D:7      | Noticed Joseph
  8686 | D:7      | Killed Joseph
  8687 | D:7      | Reached skill level 6 in Earth Magic
  8687 | D:7      | Reached XP level 10. HP: 41/67 MP: 3/19
  8719 | D:7      | Noticed a cyclops
  8815 | D:7      | Reached skill level 7 in Earth Magic
  9174 | D:3      | Killed crazypyro's ghost
  9431 | D:8      | Noticed a cyclops
  9443 | D:8      | Reached skill level 8 in Earth Magic
  9618 | D:8      | Found a staircase to the Lair.
  9668 | D:8      | Killed a cyclops
  9669 | D:8      | Reached skill level 9 in Earth Magic
  9715 | D:8      | Found a runed translucent gate.
  9721 | D:8      | Reached ** piety under Sif Muna
  9728 | D:8      | Found a runed translucent gate.
  9728 | D:8      | Found a runed translucent gate.
  9918 | D:8      | Noticed Barbarella's ghost (novice MiBe)
 10249 | D:8      | Reached skill level 10 in Earth Magic
 10392 | D:9      | Noticed a manticore
 10451 | D:9      | Killed a manticore
 10513 | D:9      | Noticed Harold
 10525 | D:9      | Reached skill level 11 in Earth Magic
 10538 | D:9      | Killed Harold
 10587 | D:9      | Reached skill level 12 in Earth Magic
 10711 | D:9      | Reached XP level 11. HP: 72/72 MP: 9/20
 10795 | D:9      | Found Tasil's Distillery.
 10803 | D:9      | Bought 2 potions of ambrosia for 224 gold pieces
 10803 | D:9      | Bought a potion of magic for 112 gold pieces
 10803 | D:9      | Bought a potion of invisibility for 112 gold pieces
 10803 | D:9      | Bought a potion of brilliance for 56 gold pieces
 10803 | D:9      | Bought a potion of curing for 42 gold pieces
 10803 | D:9      | Bought a potion of curing for 42 gold pieces
 10923 | D:9      | Noticed a two-headed ogre
 10928 | D:9      | Killed a two-headed ogre
 11003 | D:9      | Noticed a death knight
 11152 | D:10     | Entered Level 10 of the Dungeon
 11239 | D:10     | Reached skill level 13 in Earth Magic
 11283 | D:10     | Noticed a deep elf pyromancer
 11305 | D:10     | Killed a deep elf pyromancer
 11639 | D:10     | Reached skill level 14 in Earth Magic
 11790 | D:10     | Identified the +6 dagger "Kynazxen" {vorpal, rPois Str-3
                  | Int+9 Stlth+}
 12386 | D:9      | Killed a death knight
 12489 | Lair:1   | Entered Level 1 of the Lair of Beasts
 12535 | Lair:1   | Reached skill level 15 in Earth Magic
 12873 | Lair:1   | Reached skill level 16 in Earth Magic
 12882 | Lair:1   | Reached XP level 12. HP: 75/78 MP: 0/21
 13305 | Lair:1   | Noticed a five-headed hydra
 13309 | Lair:1   | Killed a five-headed hydra
 13395 | Lair:1   | Reached *** piety under Sif Muna
 14280 | Lair:2   | Reached skill level 5 in Invocations
 15278 | Lair:3   | Found a staircase to the Snake Pit.
 15383 | Lair:3   | Noticed a death yak
 15384 | Lair:3   | Noticed a death yak
 15384 | Lair:3   | Noticed a death yak
 15409 | Lair:3   | Killed a death yak
 15410 | Lair:3   | Reached skill level 5 in Fighting
 15650 | Lair:3   | Noticed a death yak
 15653 | Lair:3   | Noticed a death yak
 15654 | Lair:3   | Noticed a death yak
 15662 | Lair:3   | Killed a death yak
 15664 | Lair:3   | Killed a death yak
 15664 | Lair:3   | Killed a death yak
 15665 | Lair:3   | Reached XP level 13. HP: 96/96 MP: 4/25
 15696 | Lair:3   | Reached skill level 1 in Shields
 15957 | Lair:3   | Found a shimmering blue altar of Sif Muna.
 16284 | Lair:4   | Noticed a six-headed hydra
 16292 | Lair:4   | Killed a six-headed hydra
 16293 | Lair:4   | Reached skill level 5 in Shields
 16315 | Lair:4   | Found a dark tunnel.
 16330 | Volcano  | Entered a volcano
 16567 | Volcano  | Reached **** piety under Sif Muna
 16590 | Volcano  | Noticed a red draconian
 16718 | Volcano  | Killed from afar by a red draconian

Illustrated notes

Levels and vault maps discovered:
D:1:      erik_arrival_triangle_small, layout_loops_corners
D:2:      layout_rooms, basic_altar, shapermc_ecumenical_altar_rom_forum,
          uniq_jessica
D:3:      layout_basic, gammafunk_ghost_arena, uniq_ijyb
D:4:      gammafunk_steamed_eel, layout_loops_ring, lemuel_temple_firewalk_b,
          serial_shops, nicolae_shop_bloodbath_and_beyond, uniq_robin,
          uniq_edmund, uniq_menkaure
D:5:      layout_gridville
D:6:      layout_loops_ring, mainiacjoe_overflow_alcove_2, uniq_duvessa,
          uniq_sigmund
D:7:      layout_cave_pools, gammafunk_ghost_split, uniq_joseph
D:8:      layout_loops_ring, lair_entry_dummy, gammafunk_ghost_icy
D:9:      layout_stronghold, serial_shops, shop, uniq_harold
D:10:     layout_small_grid
Temple:   roderic_octagonal_lattice_temple
Lair:1:   layout_layer_cave, chequers_serial_rivers_small_3,
          beast_lair_carwin_8, serial_bayou_shore_a
Lair:2:   layout_regular_city, grunt_megastairs_2
Lair:3:   layout_gridlike, minmay_snake_entry_guardpost_small, basic_altar
Lair:4:   layout_concentric_octagons, skrybe_swamp_entry_bodies,
          nicolae_volcano_entry_two_sided, ebering_ghost_funeral_grove
Volcano:  volcano_grotto [vgs_statue_spotlight]

Skill      XL: |  1  2  3  4  5  6  7  8  9 10 11 12 13 |
---------------+----------------------------------------+-----
Ice Magic      | 5 6 7 9 10 | 10.0
Spellcasting   | 5 6 8 |  8.0
Fighting       | 2 7 8 |  8.0
Conjurations   | 3 |  3.9
Earth Magic    | 6 12 16 | 16.0
Invocations    | 7 |  7.0
Shields        | 7 |  7.9
Dodging        | |  1.7
Stealth        | |  2.4

Action                   |  1- 3 |  4- 6 |  7- 9 | 10-12 | 13-15 || total
-------------------------+-------+-------+-------+-------+-------++-------
Melee: Unarmed           |    11 |       |       |       |       ||    11
       Dagger            |       |    91 |    32 |   139 |    24 ||   286
       Punch             |       |     2 |     5 |       |       ||     7
       Falchion          |       |       |   105 |    74 |       ||   179
Throw: Dart              |       |       |       |       |     1 ||     1
 Cast: Freeze            |    34 |    56 |    91 |    51 |    16 ||   248
       Frozen Ramparts   |     2 |     2 |    19 |    11 |     3 ||    37
       Ozocubu's Armour  |       |       |    13 |     5 |       ||    18
       Lee's Rapid Decon |       |       |       |    87 |    14 ||   101
 Abil: Dig               |       |     1 |       |     1 |       ||     2
Evoke: Wand              |       |     1 |    19 |     6 |     8 ||    34
       Phantom mirror    |       |       |       |     1 |       ||     1
       Lightning rod     |       |       |       |       |     3 ||     3
  Use: Scroll            |       |     1 |       |    17 |     1 ||    19
 Stab: Sleeping          |       |       |     2 |     2 |     1 ||     5
       Paralysed         |       |       |       |     4 |       ||     4
       Distracted        |       |       |       |     1 |       ||     1
Armor: Leather armour    |    14 |    42 |    76 |       |       ||   132
       Steam dragon scal |       |       |    25 |   127 |    18 ||   170
Dodge: Dodged            |    31 |   109 |   153 |   200 |    27 ||   520
Block: Kite shield       |       |       |       |    62 |    31 ||    93
